 Dungeon Crawl Stone Soup version 0.30-a0-394-g3e4acdb0ae (webtiles) character file.

Game seed: 14184146964549608497

35 funkygono the Firebug (level 3, -2/24 HPs)
             Began as a Demonspawn Fire Elementalist on Dec 6, 2022.
             Slain by Robin
             ... wielding a +1 dagger of holy wrath
              (3 damage)
             ... on level 2 of the Dungeon.
             The game lasted 00:02:44 (1721 turns).

funkygono the Firebug (DsFE)                        Turns: 1721, Time: 00:02:46

Health: -2/24      AC:  2    Str:  8    XL:     3   Next: 17%
Magic:  1/6        EV: 12    Int: 18    God:
Gold:   136        SH:  4    Dex: 13    Spells: 3/6 levels left

rFire   . . .      SeeInvis .    e - +0 whip
rCold   . . .      Faith    .    (no shield)
rNeg    . . .      Spirit   .    a - +0 robe
rPois   .          Reflect  .    (no helmet)
rElec   .          Harm     .    (no cloak)
rCorr   .          Rampage  .    (no gloves)
Will    .....                    (no boots)
Stlth   ++........               (no amulet)
HPRegen 0.24/turn                (no ring)
MPRegen 0.10/turn                (no ring)

@: no status effects
A: claws 1, condensation shield, evolution 1, inability to read after injury 1
a: no special abilities


You were on level 2 of the Dungeon.
You visited 1 branch of the dungeon, and saw 2 of its levels.

You collected 136 gold pieces.

Inventory:

Hand Weapons
 e - a +0 whip (weapon)
Armour
 a - a +0 robe (worn)
 d - a +0 leather armour
Scrolls
 c - 2 scrolls of enchant armour {unknown}
 g - a scroll of fear {unknown}
 i - a scroll of vulnerability {unknown}
 j - 2 scrolls of poison {unknown}
 k - a scroll of acquirement {unknown}


   Skills:
 + Level 1.9 Dodging
 - Level 1.7 Stealth
 + Level 2.3 Spellcasting
 + Level 1.2 Conjurations
 + Level 3.4 Fire Magic


You had 3 spell levels left.
You knew the following spells:

 Your Spells              Type           Power      Damage    Failure   Level
a - Foxfire               Conj/Fire      40%        2x1d6     7%          1
b - Scorch                Fire           28%        2d6       6%          2

Your spell library contained the following spells:

 Spells                   Type           Power      Damage    Failure   Level
 Kiss of Death            Conj/Necr      16%        2d6       14%         1
 Inner Flame              Hex/Fire       8%         N/A       26%         3
 Kindle Blastsparks       Fire/Tloc/Air  12%        2d11      32%         3
 Confusing Touch          Hex            2%         N/A       45%         3
 Flame Wave               Conj/Fire      10%        2d6       54%         4
 Dispel Undead            Necr           2%         3d7       86%         4


Dungeon Overview and Level Annotations

Branches:
Dungeon (2/15)

Altars:
Kikubaaqudgha

Annotations:
D:2 Robin


Innate Abilities, Weirdness & Mutations

You have sharp fingernails.
A meltable shield of frost defends you. (SH +4)
You have hidden genetic potential.
You occasionally lose the ability to read scrolls when taking damage.


Message History

A goblin comes into view. It is wielding a +0 club.
The goblin hits you with a +0 dagger.
* * * LOW HITPOINT WARNING * * *
The hobgoblin barely misses you. The goblin barely misses you.
Magic courses through your body. The goblin closely misses you.
The hobgoblin hits you.
* * * LOW HITPOINT WARNING * * *
You block the goblin's attack.
Casting: Foxfire (safe; 7% risk of failure)
Confirm with . or Enter, or press ? or * to list all spells.
Flames lash the goblin.
You kill the goblin!
You hear a shout! x2
The goblin completely misses you. You block the hobgoblin's attack.
The goblin closely misses you.
You hear a shout!
Casting: Scorch (safe; 6% risk of failure)
Confirm with . or Enter, or press ? or * to list all spells.
Flames lash the hobgoblin.
You kill the hobgoblin!
The goblin misses you. You block the goblin's attack.
The hobgoblin barely misses you.
Unknown command.
Casting: Scorch (safe; 6% risk of failure)
Confirm with . or Enter, or press ? or * to list all spells.
Flames lash the hobgoblin.
You kill the hobgoblin!
The goblin hits you but does no damage. The goblin barely misses you.
Unknown command.
Casting: Scorch (safe; 6% risk of failure)
Confirm with . or Enter, or press ? or * to list all spells.
You don't have enough magic to cast this spell.
It was a potion of mutation.
You feel extremely strange.
You occasionally lose the ability to read scrolls when taking damage.
You feel a hidden potential growing inside you.
The goblin hits you but does no damage.
Robin hits you with a +1 dagger of holy wrath.
* * * LOW HITPOINT WARNING * * *
You convulse.
You die...

.....###
#.......#.#..
......
.####.......#.#.#
#.[....
............#.#.#
#...............#+#
#.#.# #.._[..
#.......#.###.#.#
##...).#...#...#
#..............#
#.....g###..##.#
.....g.g@g....#.#
......)####...#.#
....... ..#.#.#
#..#### ##.#.#.#
#.. #.#.#.# #. ..
.#.. ###


You could see Robin and 3 goblins.

Vanquished Creatures
  A dart slug (D:1)
  3 ball pythons (D:1)
  2 bats
  2 endoplasms (D:1)
  A giant cockroach (D:1)
  6 goblins
  6 hobgoblins
  A jackal (D:1)
  3 quokkas (D:1)
  2 kobolds (D:1)
  2 rats
29 creatures vanquished.

Vanquished Creatures (others)
  66 foxfires
66 creatures vanquished.

Grand Total: 95 creatures vanquished

Notes
Turn   | Place    | Note
-------+----------+-------------------------------------------
     0 | D:1      | funkygono the Demonspawn Fire Elementalist began the quest
                  | for the Orb.
     0 | D:1      | Reached XP level 1. HP: 13/13 MP: 3/3
   227 | D:1      | Reached skill level 3 in Fire Magic
   387 | D:1      | Discovered your monstrous ancestry.
   387 | D:1      | Gained mutation: You have sharp fingernails. [demonic
                  | ancestry]
   387 | D:1      | Reached XP level 2. HP: 19/19 MP: 3/5
   442 | D:1      | Learned a level 2 spell: Scorch
   884 | D:1      | Found a faded altar of an unknown god.
  1446 | D:2      | Found an ancient bone altar of Kikubaaqudgha.
  1558 | D:2      | Gained mutation: A meltable shield of frost defends you.
                  | (SH +4) [demonic ancestry]
  1558 | D:2      | Reached XP level 3. HP: 24/24 MP: 4/6
  1704 | D:2      | Noticed Robin
  1715 | D:2      | HP: 1/24 [goblin/+0 dagger[Robin] (4)]
  1721 | D:2      | Gained mutation: You occasionally lose the ability to read
                  | scrolls when taking damage. [potion of mutation]
  1721 | D:2      | Gained mutation: You have hidden genetic potential. [potion
                  | of mutation]
  1721 | D:2      | HP: 1/24 [Robin/+1 dagger of holy wrath (2)]
  1721 | D:2      | Slain by Robin

Illustrated notes

Levels and vault maps discovered:
D:1:      dpeg_arrival_brainrot, layout_loops_ring,
          hellmonk_ecumenical_altar_leap_of_faith, minmay_misc_feat_doors
D:2:      layout_basic, basic_altar, dilly_guarded_unrand_morg, uniq_robin,
          uniq_terence

Skill      XL: |  1 |
---------------+----+-----
Fire Magic     | 3 |  3.4
Dodging        | |  1.9
Stealth        | |  1.7
Spellcasting   | |  2.3
Conjurations   | |  1.2

Action                   || total
-------------------------++-------
Melee: Whip              ||     4
 Cast: Foxfire           ||    36
       Scorch            ||    10
  Use: Potion            ||     3
Armor: Robe              ||     4
Dodge: Dodged            ||    17
Block: Other             ||     5

Table legend: (Time is in decaauts)
 A = Elapsed time spent in this place.
 B = Non-inter-level travel time spent in this place.
 C = Inter-level travel time spent in this place.
 D = Time resting spent in this place.
 E = Time spent auto-exploring this place.
 F = Levels seen in this place.
 G = Mean time per level.
                   A        B        C        D        E       F      G
               +--------+--------+--------+--------+--------+-----+--------+
         Total |   1720 |   1685 |     35 |      0 |   1289 |   2 |  860.0 |
       Dungeon |   1720 |   1685 |     35 |      0 |   1289 |   2 |  860.0 |
               +--------+--------+--------+--------+--------+-----+--------+

Top non-repeatable levels by time:
     D:1: 1445 daAuts
     D:2: 275 daAuts
